AoeStats
← ask

Runestones

508471262Analyzed
1v1 RM · 27d ago on Sep 22, 2026· 39m 55s· 2 players
Game mode
Random Map
Map size
Tiny (2 player)
Population
200
Speed
Normal
Resources
Standard
Victory
Conquest
Starting age
Dark Age
Ending age
Imperial Age
RankedLock teamsTeams togetherTeam positionsShared explorationLock speedFull tech treeHidden civsTurbo modeCheats
Victory
Defeat
🇨🇳 Malians · China
2192
+5
vs
🇧🇷 Vietnamese · Brazil
1918
-5
ask
6:33 Loom
9:07 Feudal Age
9:48 Double-Bit Axe
10:01 Gold Mining
12:08 Horse Collar
13:21 Fletching
15:10 Padded Archer Armor
22:15 Castle Age
22:55 Bodkin Arrow
22:28 Crossbowman
23:16 Thumb Ring
23:22 Bow Saw
25:15 Wheelbarrow
25:34 Ballistics
28:25 Elite Skirmisher
30:12 Leather Archer Armor
33:23 Squires
33:26 Scale Mail Armor
33:42 Hand Cart
33:34 Heavy Plow
35:40 Chain Mail Armor
35:36 Forging
37:59 Stone Mining
38:01 Town Watch
拿皇民族训练号
5:41 Loom
8:42 Feudal Age
8:54 Man-at-Arms
13:14 Fletching
14:00 Double-Bit Axe
21:08 Castle Age
20:55 Gold Mining
20:57 Horse Collar
21:32 Scale Barding Armor
21:16 Crossbowman
21:59 Bodkin Arrow
24:13 Bow Saw
24:55 Wheelbarrow
25:00 Padded Archer Armor
30:01 Bloodlines
30:34 Chain Barding Armor
31:52 Husbandry
32:34 Light Cavalry
33:27 Forging
39:38 Imperial Age
38:12 Hand Cart
37:45 Town Watch
41:24 Chemistry
Connection lost

Rejoining the realm…

Still unreachable

The connection could not be restored.

Session expired

The server has moved on; the page needs a fresh start.